 Dungeon Crawl Stone Soup version 0.21.0 (console) character file.

72822 nht the Sharpshooter (level 15, 0/192 HPs)
             Began as a Minotaur Hunter on Jan 7, 2018.
             Was the Champion of Okawaru.
             Slain by an orc warrior
             ... wielding a +0 flail
             ... led by Saint Roka
              (2 damage)
             ... on level 2 of the Orcish Mines.
             The game lasted 00:47:24 (25348 turns).

nht the Sharpshooter (Minotaur Hunter)             Turns: 25348, Time: 00:47:25

Health: 0/192      AC: 27    Str: 23    XL:     15   Next: 2%
Magic:  14/20      EV:  2    Int:  8    God:    Okawaru [******]
Gold:   1077       SH:  0    Dex: 11    Spells: 14/14 levels left

rFire    . . .     SeeInvis .   a - +2 arbalest (flame)
rCold    . . .     Gourm    .   (shield currently unavailable)
rNeg     + + +     Faith    .   (armour currently unavailable)
rPois    +         Spirit   .   (helmet currently unavailable)
rElec    .         Reflect  .   (cloak currently unavailable)
rCorr    .         Harm     .   (gloves currently unavailable)
MR       ++...     Rnd*Rage +   (boots currently unavailable) Stlth +++.......NoTele +
                                Q - amulet of regeneration
HPRegen  0.82/turn              m - ring of positive energy
MPRegen  0.17/turn              H - ring of protection from magic

@: tree-form, heroism, finesse
A: (retaliatory headbutt), berserk 1
a: Heroism, Finesse, Renounce Religion


You were on level 2 of the Orcish Mines.
You worshipped Okawaru.
Okawaru was exalted by your worship.
You were not hungry.
You were a tree.
You visited 4 branches of the dungeon, and saw 21 of its levels.
You also visited: Labyrinth, Sewer, Ossuary and Volcano.

You collected 1856 gold pieces.
You spent 779 gold pieces at shops.

Inventory:

Hand Weapons
 a - a +2 arbalest of flaming (weapon)
 b - a +1 hand axe of electrocution
Missiles
 d - 162 bolts (quivered)
Armour
 i - +2 pearl dragon scales (melded)
 s - a +0 pair of boots of flying (melded)
 t - a +1 pair of gloves of strength
 S - a +1 hat (melded)
 U - a scarf of cloud immunity (melded)
 V - the +0 pair of gloves of Fallacy (melded) {rC+}
   (You found it on level 4 of the Lair of Beasts)

   It protects you from cold.
Jewellery
 m - a ring of positive energy (left branch)
 q - an uncursed ring of ice
 H - a ring of protection from magic (right branch)
 Q - an amulet of regeneration (around neck)
 Z - an uncursed ring of ice
Wands
 n - a wand of polymorph (10)
 z - a wand of random effects (56)
 K - a wand of disintegration (21)
 O - a wand of paralysis (7)
 R - a wand of enslavement (1)
Scrolls
 g - 8 scrolls of magic mapping
 j - 17 scrolls of teleportation
 k - 9 scrolls of fear
 l - 4 scrolls of enchant weapon
 y - 2 scrolls of amnesia
 A - a scroll of holy word
 F - 2 scrolls of enchant armour
 I - 2 scrolls of fog
 N - 16 scrolls of identify
 T - 5 scrolls of remove curse
 Y - a scroll of blinking
Potions
 c - 6 potions of magic
 e - 13 potions of curing
 h - 7 potions of berserk rage
 o - 3 potions of cancellation
 p - 3 potions of resistance
 r - a potion of experience {unknown}
 u - 5 potions of brilliance
 v - 3 potions of agility
 w - 4 potions of haste
 D - 6 potions of might
 E - a potion of invisibility
 G - 3 potions of flight
 X - a potion of lignification
Books
 M - a book of Misfortune

   Spells                             Type                      Level
   a - Confusing Touch                Hexes                        1
   b - Confuse                        Hexes                        3
   c - Gell's Gravitas                Translocation                3
   d - Petrify                        Transmutation/Earth          4
   e - Metabolic Englaciation         Hexes/Ice                    5
   f - Yara's Violent Unravelling     Hexes/Transmutation          5
Miscellaneous
 B - a lamp of fire
 C - a sack of spiders
 L - a box of beasts
 P - a phantom mirror
 W - a phial of floods
Comestibles
 f - 37 rations
 x - 12 chunks of flesh


   Skills:
 + Level 10.4(15.4) Fighting
 - Level 16.0(21.0) Axes
 - Level 18.0(23.0) Crossbows
 + Level 8.9(13.9) Armour
 - Level 2.1(7.1) Dodging
 - Level 0.7(5.7) Stealth
 + Level 8.1 Invocations
 + Level 6.4 Evocations


You had 14 spell levels left.
You didn't know any spells.

Dungeon Overview and Level Annotations

Branches:
Dungeon (12/15)            Temple (1/1) D:4            Lair (6/6) D:11
  Swamp (0/4) Lair:2       Spider (0/4) Lair:4        Slime (0/5) Lair:5
    Orc (2/2) D:12            Elf (0/3) Orc:2

Altars:
Ashenzari
Cheibriados
Dithmenos
Elyvilon
Fedhas
Gozag
Hepliaklqana
Kikubaaqudgha
Makhleb
Nemelex Xobeh
Okawaru
Qazlal
Ru
Sif Muna
Trog
Uskayaw
Vehumet
Wu Jian
Xom
Yredelemnul
Zin
The Shining One

Shops:
D:8 ?(([[   D:9 !?}:=   D:12 [(


Innate Abilities, Weirdness & Mutations

((You reflexively headbutt those who attack you in melee.))
((You have a pair of horns on your head.))
You tend to lose your temper in combat.
((Armour fits poorly on your strangely shaped body.))


Message History

Saint Roka hits you with a great sword of electrocution!
* * * LOW HITPOINT WARNING * * *
Firing (i - inventory):
d - 163 bolts (quivered)
Press: ? - help, Shift-Dir - straight line, f/p - Saint Roka
Aim: Saint Roka, wielding a great sword of electrocution and wearing a shiny plate armour (almost dead)
You shoot a bolt. The bolt hits Saint Roka!!
The bolt burns Saint Roka.
You kill Saint Roka!
Okawaru is honoured by your kill.
Your Invocations skill increases to level 8!
You have reached level 15!
Your experience leads to an increase in your attributes!
Increase (S)trength, (I)ntelligence, or (D)exterity?
You feel stronger. The orc hits you but does no damage.
The orc warrior hits you from afar with a trident of flaming.
* * * LOW HITPOINT WARNING * * *
The orc warrior burns you.
* * * LOW HITPOINT WARNING * * *
The orc warrior hits you with a flail.
You die...

......o .(.....
..h.... ....g((
......()████
......((█.██
........(((...█
.........(..o)██
███>....█..(..()o██
..... █..(...o♣o█
█...██ ███....o█....█
█...█████.....████.██
██....█........█.████
█.................█
██.██..........█.██
███...........████ .
██...........█
.███[.).......██
..█............█
..█.....)█....██


You could see 2 orc warriors, a gnoll and 3 orcs.

Vanquished Creatures
  Saint Roka (Orc:2)
  2 entropy weavers (Lair:4)
  A fire dragon (Lair:6)
  Josephine (Orc:2)
  A minotaur (Lab)
  Harold (Lair:3)
  Fannar (D:12)
  5 hydras
  An anaconda (Lair:6)
  3 two-headed ogres
  A queen ant (Lair:4)
  Sonja (Lair:2)
  The ghost of Leibowitz the Slicer, a novice KoGl of Wu Jian (D:8)
  2 lindwurms (Lair:6)
  2 orc sorcerers (Orc:2)
  A manticore (D:12)
  2 ugly things
  A cyclops (D:12)
  7 black mambas
  8 spiny frogs
  A molten gargoyle (Volcano)
  5 torpor snails (Lair:6)
  4 gargoyles
  6 komodo dragons
  A rime drake (Lair:1)
  10 polar bears
  4 trolls
  3 hornets (Lair:6)
  3 tyrant leeches (Lair:6)
  5 raiju (Lair:6)
  14 blink frogs
  4 hippogriffs
  17 dream sheep
  4 slime creatures (D:12)
  3 humans
  47 yaks
  A vampire (D:11)
  2 wyverns
  2 hogs (D:7)
  A golden eye (D:11)
  2 basilisks
  5 wraiths
  3 vampire mosquitoes (D:12)
  Edmund (D:5)
  The ghost of komo4ek the Skirmisher, an amateur GrFi (D:4)
  6 wargs
  19 soldier ants (Lair:4)
  6 water moccasins
  14 hell hounds
  13 porcupines
  4 sky beasts
  3 ice beasts
  A hornet zombie (D:6)
  12 orc warriors
  3 phantoms
  An eye of draining (D:9)
  14 black bears
  A necrophage (D:7)
  7 ogres
  41 wolves
  11 centaurs
  3 big kobolds
  7 crocodiles
  22 bullfrogs
  A gnoll sergeant (D:8)
  7 scorpions
  8 killer bees
  A wight (D:6)
  5 electric eels
  5 howler monkeys
  A lava snake (D:7)
  3 crimson imps
  4 bullfrog zombies
  8 hounds
  Crazy Yiuf (D:2)
  2 jellies (D:10)
  27 orc wizards
  2 bullfrog skeletons
  16 orc priests
  3 iguanas
  33 worker ants
  A killer bee zombie (D:5)
  A big kobold zombie (Ossuary)
  2 ogre zombies (D:4)
  2 hound zombies (D:11)
  2 hound skeletons
  8 mummies (Ossuary)
  A worker ant zombie (D:11)
  17 adders
  7 gnolls
  4 gnoll zombies
  An orc zombie (D:4)
  3 river rats (Sewer)
  8 oozes
  2 adder skeletons
  3 worms
  A dart slug (D:1)
  4 leopard geckos
  78 orcs
  6 giant cockroaches
  6 hobgoblins
  14 jackals
  2 quokkas (D:11)
  11 ball pythons
  5 bats
  9 frilled lizards
  5 goblins
  3 hobgoblin zombies
  16 kobolds
  2 kobold zombies (Ossuary)
  A leopard gecko skeleton (D:4)
  33 rats
  A rat zombie (D:6)
  3 plants
769 creatures vanquished.

Vanquished Creatures (collateral kills)
  3 hornets (Lair:6)
  An orc priest (D:8)
4 creatures vanquished.

Vanquished Creatures (others)
  A warg (Lair:6)
  An ice beast (D:12)
  An orc (Orc:2)
  8 fungi
  15 plants
26 creatures vanquished.

Grand Total: 799 creatures vanquished

Notes
Turn   | Place    | Note
-------+----------+-------------------------------------------
     0 | D:1      | nht the Minotaur Hunter began the quest for the Orb.
     0 | D:1      | Reached XP level 1. HP: 18/18 MP: 0/0
    91 | D:1      | Reached XP level 2. HP: 23/25 MP: 1/1
   118 | D:1      | Reached skill level 5 in Crossbows
   390 | D:1      | Reached XP level 3. HP: 30/30 MP: 2/2
  1019 | D:2      | Found a runed door.
  1247 | D:2      | Noticed Crazy Yiuf
  1250 | D:2      | Killed Crazy Yiuf
  1250 | D:2      | Reached skill level 6 in Crossbows
  1250 | D:2      | Reached XP level 4. HP: 37/37 MP: 3/3
  1821 | D:3      | Reached skill level 7 in Crossbows
  1821 | D:3      | Reached XP level 5. HP: 42/42 MP: 4/4
  2267 | D:4      | Found a transporter.
  2327 | D:4      | Noticed an ogre
  2343 | D:4      | Killed an ogre
  2343 | D:4      | Reached skill level 8 in Crossbows
  2343 | D:4      | Reached XP level 6. HP: 38/50 MP: 5/5
  2396 | D:4      | Found a staircase to the Ecumenical Temple.
  2411 | Temple   | Entered the Ecumenical Temple
  2661 | Temple   | Became a worshipper of Warmaster Okawaru
  3137 | D:4      | Found a transporter.
  3216 | D:4      | Noticed komo4ek's ghost (amateur GrFi)
  3222 | D:4      | Killed komo4ek's ghost
  3235 | D:4      | Reached skill level 9 in Crossbows
  3455 | D:4      | great potion
  3465 | D:4      | Reached XP level 7. HP: 28/56 MP: 6/6
  3753 | D:5      | Entered Level 5 of the Dungeon
  3813 | D:5      | Noticed Edmund
  3825 | D:5      | Killed Edmund
  3825 | D:5      | Reached * piety under Okawaru
  3909 | D:5      | Reached skill level 10 in Crossbows
  3914 | D:5      | Reached skill level 1 in Axes
  4090 | D:5      | Reached XP level 8. HP: 62/62 MP: 7/7
  4110 | D:5      | Reached skill level 5 in Axes
  4241 | D:5      | Found a blossoming altar of Fedhas.
  4307 | D:5      | Found a burning altar of Makhleb.
  4702 | D:6      | Found a sand-covered staircase.
  4708 | D:6      | Reached ** piety under Okawaru
  4746 | Ossuary  | Entered an ossuary
  5098 | D:6      | Found a glowing drain.
  5103 | Sewer    | Entered a sewer
  5683 | D:6      | Reached skill level 10 in Axes
  5683 | D:6      | Reached XP level 9. HP: 63/68 MP: 8/8
  6288 | D:7      | Reached *** piety under Okawaru
  7577 | D:7      | Reached **** piety under Okawaru
  7582 | D:7      | Reached XP level 10. HP: 33/74 MP: 9/9
  7968 | D:8      | Noticed Leibowitz's ghost (novice KoGl)
  7987 | D:8      | Killed Leibowitz's ghost
  8451 | D:8      | Noticed a two-headed ogre
  8468 | D:8      | Killed a two-headed ogre
  8469 | D:8      | Reached skill level 15 in Axes
  8528 | D:8      | Found Qeduom's Antique Armour Shop.
  8557 | D:8      | Bought a shadowed robe for 96 gold pieces
  8580 | D:8      | Found Owkauvun's Antique Armour Emporium.
  8709 | D:8      | Got a sparkling graven amulet
  8710 | D:8      | Identified the amulet of Beapn {Reflect +Blink rF+ rC- SH+3} (You found it on level 8 of the Dungeon)
  8739 | D:8      | Found Joimourr's Magic Scroll Boutique.
  8741 | D:8      | Found Reig's Antique Weapon Emporium.
  8755 | D:8      | Bought a scroll of fear for 49 gold pieces
  8755 | D:8      | Bought a scroll of teleportation for 42 gold pieces
  8755 | D:8      | Bought a scroll of teleportation for 42 gold pieces
  8755 | D:8      | Bought a scroll of magic mapping for 49 gold pieces
  8755 | D:8      | Bought a scroll of fear for 49 gold pieces
  8755 | D:8      | Bought a scroll of fear for 49 gold pieces
  8807 | D:8      | Reached ***** piety under Okawaru
  8813 | D:8      | Found Reahuer's Weapon Boutique.
  8957 | D:8      | Bought a transparent chain mail for 313 gold pieces
  8967 | D:8      | Identified the +0 robe of Chill Winds {Str+4 Slay+2 SInv} (You bought it in a shop on level 8 of the Dungeon)
  8977 | D:8      | Identified the cursed +1 chain mail "Mukirghis" {+Blink Int+3} (You bought it in a shop on level 8 of the Dungeon)
  9025 | D:8      | Received a gift from Okawaru
  9218 | D:9      | Found Sukuh's Book Emporium.
  9605 | D:9      | Reached skill level 1 in Armour
  9629 | D:9      | Found Zaiq's Jewellery Boutique.
  9681 | D:9      | Reached skill level 1 in Invocations
  9770 | D:9      | Found Ofoqemuer's Gadget Shop.
  9897 | D:9      | Found Pegaor Xore's Magic Scroll Emporium.
  9910 | D:9      | Bought a scroll of teleportation for 45 gold pieces
  9910 | D:9      | Bought a scroll of remove curse for 45 gold pieces
  9937 | D:9      | Found Huleyriz's Distillery.
 10145 | D:10     | Entered Level 10 of the Dungeon
 10177 | D:10     | Noticed a gargoyle
 10193 | D:10     | Killed a gargoyle
 10193 | D:10     | Reached XP level 11. HP: 26/82 MP: 11/11
 10194 | D:10     | You fall through a shaft!
 10484 | D:11     | Reached skill level 1 in Evocations
 10636 | D:11     | Found a staircase to the Lair.
 10948 | D:10     | Found an iron altar of Okawaru.
 10960 | D:10     | Received a gift from Okawaru
 11709 | D:11     | Reached skill level 5 in Fighting
 11774 | D:11     | Noticed a purple ugly thing
 11781 | D:11     | Killed a purple ugly thing
 12098 | D:11     | Received a gift from Okawaru
 12133 | D:11     | Reached skill level 5 in Armour
 12434 | Lair:1   | Entered Level 1 of the Lair of Beasts
 12512 | Lair:1   | Found a labyrinth entrance.
 12521 | Lab      | Entered a labyrinth
 12647 | Lab      | Noticed a minotaur
 12655 | Lab      | Killed a minotaur
 12674 | Lab      | Identified the Disquisition on Confrontation and Benedictions
 12676 | Lab      | Got a polished great sword
 12753 | Lair:1   | Received a gift from Okawaru
 12754 | Lair:1   | Got a translucent battleaxe {god gift}
 12755 | Lair:1   | Identified the +2 battleaxe "Reolufoe" {drain, MR- Str+7} (Okawaru gifted it to you on level 1 of the Lair of Beasts)
 13539 | Lair:2   | Reached skill level 5 in Invocations
 13539 | Lair:2   | Reached XP level 12. HP: 86/97 MP: 14/14
 13628 | Lair:2   | HP: 5/145 [komodo dragon (6)]
 13633 | Lair:2   | HP: 5/145 [komodo dragon (15)]
 13643 | Lair:2   | HP: 7/145 [komodo dragon (10)]
 13655 | Lair:2   | HP: 2/145 [crocodile (8)]
 13683 | Lair:2   | Reached skill level 11 in Crossbows
 13760 | Lair:2   | Noticed Sonja
 13767 | Lair:2   | Killed Sonja
 13767 | Lair:2   | Received a gift from Okawaru
 13812 | Lair:2   | Found a dark tunnel.
 14006 | Volcano  | Entered a volcano
 14852 | Lair:2   | HP: 4/101 [black mamba (13)]
 15398 | Lair:2   | Found a staircase to the Swamp.
 15525 | Lair:2   | Reached skill level 12 in Crossbows
 15911 | Lair:3   | Found an ancient bone altar of Kikubaaqudgha.
 15943 | Lair:3   | Noticed Harold
 15955 | Lair:3   | Killed Harold
 16219 | Lair:3   | Reached skill level 13 in Crossbows
 16934 | Lair:4   | Reached skill level 14 in Crossbows
 16994 | Lair:3   | Reached XP level 13. HP: 12/107 MP: 16/16
 17394 | Lair:4   | Received a gift from Okawaru
 17557 | Lair:4   | Found a hole to the Spider Nest.
 17571 | Lair:4   | Noticed an entropy weaver
 17580 | Lair:4   | Killed an entropy weaver
 17611 | Lair:4   | Noticed an entropy weaver
 17616 | Lair:4   | Killed an entropy weaver
 17616 | Lair:4   | Reached ****** piety under Okawaru
 17770 | Lair:4   | Reached skill level 15 in Crossbows
 18373 | Lair:4   | Got a pair of distressingly furry gloves
 18384 | Lair:4   | Identified the cursed +0 pair of gloves of Fallacy {rC+} (You found it on level 4 of the Lair of Beasts)
 18699 | Lair:5   | Reached skill level 16 in Crossbows
 19083 | Lair:5   | Received a gift from Okawaru
 19116 | Lair:5   | Received a gift from Okawaru
 19315 | Lair:5   | Found a staircase to the Slime Pits.
 20038 | Lair:6   | Entered Level 6 of the Lair of Beasts
 20905 | Lair:6   | Reached skill level 17 in Crossbows
 21176 | Lair:6   | Reached XP level 14. HP: 19/115 MP: 17/17
 21725 | Lair:6   | Reached skill level 18 in Crossbows
 22264 | Lair:6   | Received a gift from Okawaru
 22526 | Lair:6   | Received a gift from Okawaru
 22961 | Lair:6   | Found a runed door.
 22996 | Lair:6   | Received a gift from Okawaru
 23265 | Lair:6   | Paralysed by a hornet for 1 turns
 23272 | Lair:6   | Reached skill level 5 in Evocations
 23932 | D:12     | Received a gift from Okawaru
 24257 | D:12     | Noticed Fannar
 24263 | D:12     | Killed Fannar
 24382 | D:12     | Found Wooluh's Armour Emporium.
 24382 | D:12     | Found a staircase to the Orcish Mines.
 24382 | D:12     | Found Fuerin's Weapon Emporium.
 24842 | Orc:1    | Entered Level 1 of the Orcish Mines
 24932 | Orc:2    | Entered Level 2 of the Orcish Mines
 24938 | Orc:2    | Noticed Josephine
 24945 | Orc:1    | Reached skill level 10 in Fighting
 25207 | Orc:2    | Gained mutation: You tend to lose your temper in combat. [a neqoxec]
 25208 | Orc:2    | Gained mutation: Armour fits poorly on your strangely shaped body. [a neqoxec]
 25212 | Orc:2    | Killed Josephine
 25265 | Orc:2    | Found a staircase to the Elven Halls.
 25315 | Orc:2    | Noticed Saint Roka
 25347 | Orc:2    | HP: 8/181 [Saint Roka/great sword of electrocution (10)]
 25348 | Orc:2    | Killed Saint Roka
 25348 | Orc:2    | Reached XP level 15. HP: 8/128 MP: 13/20
 25348 | Orc:2    | HP: 3/192 [orc warrior/trident of flaming (6)]
 25348 | Orc:2    | Slain by an orc warrior

Skill      XL: |  1  2  3  4  5  6  7  8  9 10 11 12 13 14 |
---------------+-------------------------------------------+-----
Crossbows      | 5 6 7 8 9 10 14 17 18 | 18.0
Axes           | 4 10 13 16 | 16.0
Armour         | 2 6 8 |  8.9
Fighting       | 3 6 8 10 | 10.4
Invocations    | 1 5 6 8 |  8.1
Evocations     | 4 6 |  6.4
Dodging        | |  2.1
Stealth        | |  0.7

Action                   |  1- 3 |  4- 6 |  7- 9 | 10-12 | 13-15 || total
-------------------------+-------+-------+-------+-------+-------++-------
Melee: Quarterstaff      |       |    89 |     6 |       |       ||    95
       Headbutt          |       |     3 |    42 |   101 |    40 ||   186
       War axe           |       |       |   263 |   292 |       ||   555
       Hand axe          |       |       |       |   311 |   221 ||   532
       Punch             |       |       |       |       |     1 ||     1
 Fire: Hand crossbow     |    73 |    60 |   141 |       |       ||   274
       Arbalest          |       |       |       |   172 |   743 ||   915
Invok: Heroism           |       |       |       |     4 |     9 ||    13
       Finesse           |       |       |       |       |     1 ||     1
Evoke: Wand              |       |     3 |    43 |    56 |    14 ||   116
       Lamp of fire      |       |       |       |       |     1 ||     1
       Phial of floods   |       |       |       |       |     1 ||     1
  Use: Potion            |       |     3 |     1 |    10 |     5 ||    19
       Scroll            |       |       |    18 |     9 |     5 ||    32
 Stab: Paralysed         |       |       |     1 |       |       ||     1
       Confused          |       |       |       |     1 |       ||     1
       Distracted        |       |       |       |       |     1 ||     1
  Eat: Chunk             |     1 |     7 |    10 |    23 |    25 ||    66
       Ration            |       |       |     1 |     2 |       ||     3
Armor: Leather armour    |     6 |       |       |       |       ||     6
       Plate armour      |       |    89 |       |   201 |   241 ||   531
       Skin              |       |    24 |       |    15 |    18 ||    57
       Chain mail        |       |     4 |   146 |    98 |       ||   248
       Ring mail         |       |       |       |    25 |       ||    25
       Pearl dragon scal |       |       |       |       |   111 ||   111
Dodge: Dodged            |    12 |    40 |   115 |   213 |   224 ||   604
